 Dungeon Crawl Stone Soup version bcrawl-1.19.1 (webtiles) character file.

Game seed: 10949804971604419029

140792 Morbidden the Severer (level 16, -3/143 HPs)
             Began as a Demigod Archaeologist on Nov 20, 2019.
             Slain by an Ice Fiend (42 damage)
             ... in an ice cave on Nov 21, 2019.
             The game lasted 01:07:38 (27969 turns).

Morbidden the Severer (Demigod Archaeologist)      Turns: 27969, Time: 01:07:39

Health: -3/143     AC: 31    Str: 29 (32) XL:     16   Next: 76%
Magic:  0/31       EV: 17    Int: 14 (15) God:    Demigod [******]
Gold:   2576       SH: 19    Dex: 14 (15) Spells: 24/24 levels left

rFire    . . .     SeeInvis .   a - +8 mithril axe "Arga" {speed, MR+}
rCold    . . .     Gourm    .   Z - +0 large shield
rNeg     . . .     Faith    .   I - +0 plate armour
rPois    .         Spirit   +   u - +2 hat
rElec    +         Reflect  .   x - +1 cloak
rCorr    .         Harm     .   D - +2 pair of gloves
MR       +++..                  d - +1 pair of boots
Stlth    ..........             N - amulet of guardian spirit
HPRegen  0.33/turn              f - ring "Mywif" {rElec MR+ EV+3 Str+5 Int-3}
MPRegen  0.22/turn              R - +4 ring of protection

@: heroism
A: antennae 1, high mp 1, strong 1, evolution 1
a: Temporal Distortion, Growth, Major Destruction, Heroism, Divine Shield,
Smiting


You were in an ice cave.
You worshipped Demigod.
Demigod was exalted by your worship.
You were not hungry.

You visited 5 branches of the dungeon, and saw 22 of its levels.
You also visited: Gauntlet and Ice Cave.

You collected 2576 gold pieces.

Inventory:

Hand Weapons
 a - the +8 mithril axe "Arga" (weapon) {speed, MR+} Attacks with this weapon are significantly faster. It affects your resistance to hostile enchantments.
 b - a +3 broad axe of flaming
Missiles
 s - 3 throwing nets {!f}
 S - 451 javelins (quivered)
Armour
 d - a +1 pair of boots (worn)
 u - a +2 hat (worn)
 x - a +1 cloak (worn)
 D - a +2 pair of gloves (worn)
 I - a +0 plate armour (worn)
 X - a +2 helmet
 Z - a +0 large shield (worn)
Jewellery
 e - an uncursed ring of protection from fire
 f - the ring "Mywif" (left hand) {rElec MR+ EV+3 Str+5 Int-3}
   (You found it in a Gauntlet)

   [ring of evasion]

   It affects your evasion (+3).
   It affects your strength (+5).
   It affects your intelligence (-3).
   It insulates you from electricity.
   It affects your resistance to hostile enchantments.
 N - an amulet of guardian spirit (around neck)
 R - a +4 ring of protection (right hand)
Wands
 y - a wand of acid (6)
 B - a wand of random effects (8)
 F - a wand of disintegration (25)
 H - a wand of flame (12)
 L - a wand of enslavement (16)
 P - a wand of paralysis (5)
 V - a wand of iceblast (16)
Scrolls
 h - 19 scrolls of remove curse
 j - 6 scrolls of magic mapping
 l - 13 scrolls of amnesia
 o - a scroll of blinking
 p - 3 scrolls of enchant armour
 q - a scroll of torment
 r - 12 scrolls of teleportation
 A - 2 scrolls of enchant weapon
 K - 3 scrolls of fear
 T - 5 scrolls of identify
 U - 2 scrolls of fog
 W - a scroll of summoning
Potions
 c - a potion of cancellation
 g - a potion of heal wounds
 i - a potion of flight
 k - 4 potions of agility
 m - 4 potions of curing
 t - a potion of resistance
 v - 4 potions of mutation
 w - 6 potions of brilliance
 z - 2 potions of might
 C - 2 potions of haste
 G - 4 potions of lignification
 M - 2 potions of berserk rage
 Q - a potion of magic
Miscellaneous
 E - a lightning rod (4/4)
 J - a phantom mirror
 Y - a lamp of fire (inert)
Comestibles
 n - 28 rations {!d}


   Skills:
 * Level 13.1(18.1) Fighting
   Level 0.8(5.8) Short Blades
 + Level 16.3(21.3) Axes
   Level 1.1(16.0) Maces & Flails
 + Level 0.1(5.1) Throwing
 + Level 10.2(15.2) Armour
 * Level 10.9(15.9) Dodging
 + Level 3.0(8.0) Stealth
 + Level 4.8(9.8) Shields
 * Level 4.6 Spellcasting
 * Level 13.9 Invocations
 + Level 0.8 Evocations


You had 24 spell levels left.
You didn't know any spells.
Your spell library contained the following spells:

 Spells                   Type           Power        Failure   Level  Hunger
 Animate Skeleton         Necr           N/A          100%        1    None
 Apportation              Tloc           #.....       100%        1    None
 Blink Other              Tloc           #.....       100%        1    None
 Corona                   Hex            #......      100%        1    None
 Flame Tongue             Conj/Fire      #....        100%        1    None
 Infusion                 Chrm           #.......     100%        1    None
 Magic Dart               Conj           #...         100%        1    None
 Pain                     Necr           #.....       100%        1    None
 Sandblast                Erth           #.....       100%        1    None
 Shock                    Conj/Air       #....        100%        1    None
 Slow                     Hex            #.......     100%        1    None
 Summon Butterflies       Summ           #.......     100%        1    None
 Blink                    Tloc           N/A          100%        2    ##.....
 Searing Ray              Conj           #.....       100%        2    ##.....
 Shackle                  Hex            #.......     100%        2    ##.....
 Throw Frost              Conj/Ice       #.....       100%        2    ##.....
 False Image              Hex/Summ       #.......     100%        3    ###....
 Inner Flame              Hex/Fire       N/A          100%        3    ###....
 Iskenderun's Mystic Bla  Conj           #.......     100%        3    ###....
 Leda's Liquefaction      Hex/Erth       #.........   100%        3    ###....
 Portal Projectile        Tloc           #.....       100%        3    ###....
 Regeneration             Chrm/Necr      #.........   100%        3    ###....
 Teleport Other           Tloc           #.......     100%        3    ###....
 Vampiric Draining        Necr           #.........   100%        3    ###....
 Animate Dead             Necr           N/A          100%        4    ####...
 Cause Fear               Hex            #.........   100%        4    ####...
 Fulminant Prism          Conj/Hex       #.........   100%        4    ####...
 Yara's Violent Unravell  Hex/Tmut       #.........   100%        4    ####...
 Bolt of Draining         Conj/Necr      #.........   100%        5    ######.
 Bolt of Magma            Conj/Fire/Erth #.........   100%        5    ######.
 Irradiate                Conj/Tmut      #.........   100%        5    ######.
 Iskenderun's Battlesphe  Conj/Chrm      #.......     100%        5    ######.
 Passage of Golubria      Tloc           N/A          100%        5    ######.
 Silence                  Hex/Air        #.........   100%        5    ######.
 Tree Form                Hex/Tmut       N/A          100%        5    ######.
 Infestation              Hex/Tmut/Pois  #........    100%        6    #######
 Iron Shot                Conj/Erth      #.........   100%        6    #######
 Poison Arrow             Conj/Pois      #.........   100%        6    #######
 Statue Form              Tmut/Erth      #........    100%        6    #######
 Dragon Form              Tmut           #......      100%        7    #######
 Icicle Burst             Conj/Ice       #.........   100%        7    #######
 Orb of Destruction       Conj           #.........   100%        7    #######
 Spellforged Servitor     Conj/Summ      #.........   100%        7    #######
 Chain Lightning          Conj/Air       #.........   100%        8    #######
 Glaciate                 Conj/Ice/Air   #.........   100%        8    #######
 Lehudib's Crystal Spear  Conj/Erth      #.........   100%        8    #######
 Necromutation            Tmut/Necr      #.......     100%        8    #######
 Fire Storm               Conj/Fire      #.........   100%        9    #######
 Shatter                  Erth           #.........   100%        9    #######


Dungeon Overview and Level Annotations

Branches:
Dungeon (12/12)            Temple (0/1) D:6            Lair (6/6) D:9
  Swamp (1/3) Lair:2        Snake (2/3) Lair:3        Slime (0/5) Lair:6
    Orc (1/1) D:11            Elf (0/3) Orc          Vaults (0/3) D:12
 Depths (0/5) D:12

Shops:
D:11 *   Orc ?(*}*

Annotations:
Lair:2 exclusion: 2 oklob plants
Lair:5 3 runed translucent doors, Ogre's ghost, journeyman FrVM


Innate Abilities, Weirdness & Mutations

You have an increased reservoir of magic. (+10% MP)
You have a pair of small antennae on your head.
Your muscles are strong. (Str +2)
You evolve.


Message History

The fireball explodes!
The fireball engulfs the Ice Fiend.
The Ice Fiend is burned terribly!
The Ice Fiend is lightly wounded.
The Ice Fiend is engulfed in blazing flames.
Unknown command.
Unknown command.
You gain the combat prowess of a mighty hero.
The Ice Fiend is engulfed in blazing flames.
You block the Ice Fiend's attack. x2
Unknown command.
You slice the Ice Fiend!!
The Ice Fiend is severely wounded.
Unknown command.
You hit the Ice Fiend but do no damage.
The Ice Fiend is severely wounded.
The Ice Fiend claws you. The Ice Fiend freezes you!!! The Ice Fiend claws you!
* * * LOW HITPOINT WARNING * * *
The Ice Fiend freezes you!!!
You die...
Your divinity fades.

#### .#.## ##########
⌠.#.########...##1○°#
.###.#..#...##..@##...#
#####..#..########
#Z...# #≈°.#####..#
#..... ≈≈#§○°##..##
#.... ≈≈≈##§§.### ..##
#≈≈≈##### ## ≈≈≈#≈≈#
≈≈≈≈≈≈≈≈≈ #≈≈≈≈≈≈≈≈


You could see an Ice Fiend.

Vanquished Creatures
  Rupert (Lair:6)
  2 thorn hunters (Swamp:1)
  Roxanne (D:12)
  2 nagarajas
  A frost giant (D:12)
  The ghost of Tutankhamun the Bludgeoner, a journeyman MiAc of the Shining One (Snake:1)
  A minotaur (Gauntlet)
  Snorg (Orc)
  A death ooze (Gauntlet)
  4 vault guards (D:12)
  Harold (D:11)
  6 naga warriors
  Psyche (D:10)
  A ghost crab (Swamp:1)
  5 centaur warriors
  3 catoblepae (Lair:6)
  12 hydras
  2 alligators (Swamp:1)
  3 two-headed ogres (D:12)
  8 anacondas
  An orc high priest (Orc)
  15 death yaks
  2 tengu warriors (D:8)
  2 naga sharpshooters (Snake:2)
  3 shock serpents
  5 skeletal warriors (D:12)
  2 unseen horrors
  2 naga ritualists (Snake:2)
  A necromancer (Gauntlet)
  2 cyclopes
  3 mana vipers (Snake:2)
  3 salamanders
  4 orc sorcerers (Orc)
  4 ugly things
  4 elephants (Lair:4)
  A moth of wrath (shapeshifter) (D:12)
  5 manticores
  6 naga magi
  An ice statue (IceCv)
  A centaur zombie (D:12)
  2 torpor snails
  4 guardian serpents
  2 gargoyles (D:12)
  A black mamba (shapeshifter) (D:12)
  22 black mambas
  12 cane toads
  3 kobold demonologists (D:12)
  2 rime drakes
  A minotaur zombie (Gauntlet)
  2 freezing wraiths (IceCv)
  7 komodo dragons
  An efreet (D:12)
  5 yaktaurs
  5 ice devils (IceCv)
  2 golden dragon simulacra (IceCv)
  5 trolls
  3 anaconda simulacra (IceCv)
  A tengu conjurer (D:12)
  8 slime creatures
  3 hornets (Swamp:1)
  2 wolf spider simulacra (IceCv)
  19 blink frogs
  3 tyrant leeches (Swamp:1)
  4 bog bodies
  20 dream sheep
  6 hippogriffs
  2 centaur simulacra
  A water elemental (D:12)
  4 spriggans
  61 yaks
  3 wraiths
  6 wyverns
  4 dire elephant simulacra (IceCv)
  4 basilisks
  A steam dragon (D:8)
  A death yak simulacrum (IceCv)
  Menkaure (D:5)
  3 harpy simulacra (IceCv)
  An iron troll simulacrum (IceCv)
  A warg (Orc)
  5 nagas
  4 swamp worms
  10 crocodiles
  14 porcupines
  2 hydra simulacra (IceCv)
  16 water moccasins
  An ice beast (D:11)
  20 orc warriors
  An eye of draining (D:12)
  An alligator simulacrum (IceCv)
  2 black bears (Lair:2)
  6 sky beasts
  7 ogres
  A phantom (D:6)
  11 wolves
  2 centaurs
  7 big kobolds
  12 bullfrogs
  An elephant simulacrum (IceCv)
  17 killer bees (Lair:2)
  4 scorpions
  A swamp dragon simulacrum (IceCv)
  9 electric eels
  2 howler monkeys
  6 wights
  6 crimson imps
  26 orc priests
  3 hounds
  2 jellies (Gauntlet)
  A gnoll shaman (D:7)
  37 orc wizards
  A bullfrog skeleton (D:7)
  2 centaur skeletons
  3 iguanas
  Ijyb (D:5)
  5 worker ants
  2 spriggan simulacra (IceCv)
  5 hell rats (Lair:5)
  4 troll simulacra (IceCv)
  A killer bee zombie (D:7)
  A worker ant zombie (D:8)
  A howler monkey skeleton (D:7)
  12 gnolls
  16 adders
  A naga simulacrum (IceCv)
  2 ogre simulacra (IceCv)
  2 shadow imps
  4 white imps (IceCv)
  6 ufetubi (IceCv)
  3 oozes
  An adder skeleton (D:4)
  An adder zombie (D:8)
  4 worms
  4 dart slugs
  3 leopard geckos (D:2)
  72 orcs
  3 giant cockroaches
  9 goblins
  10 hobgoblins
  16 jackals
  2 quokkas (D:3)
  A ball python (D:4)
  2 bats (D:2)
  3 frilled lizards
  18 kobolds
  3 rats
  A briar patch (Swamp:1)
  7 fungi
  2 plants (Lair:6)
833 creatures vanquished.

Vanquished Creatures (others)
  A harpy skeleton (D:12)
  A slime creature (D:12)
  An orc priest (Orc)
  5 orc wizards (Orc)
  A river rat (D:7)
  A white imp (IceCv)
  A jackal skeleton (D:8)
  A briar patch (Swamp:1)
  12 fungi
  A plant (D:9)
25 creatures vanquished.

Grand Total: 858 creatures vanquished

Notes
Turn   | Place    | Note
-------+----------+-------------------------------------------
     0 | D:1      | Morbidden the Demigod Archaeologist began the quest for the
                  | Orb.
     0 | D:1      | Reached XP level 1. HP: 15/15 MP: 3/3
    19 | D:1      | Reached skill level 1 in Fighting
    62 | D:1      | Reached XP level 2. HP: 14/23 MP: 4/4
   727 | D:2      | Reached XP level 3. HP: 23/28 MP: 5/5
   943 | D:2      | Reached * piety under Demigod
  1085 | D:2      | Found a hide-covered altar of Uskayaw.
  1102 | D:2      | Reached skill level 1 in Axes
  1279 | D:2      | Reached XP level 4. HP: 20/36 MP: 6/6
  1813 | D:3      | Reached skill level 2 in Axes
  2133 | D:3      | Reached XP level 5. HP: 42/42 MP: 7/7
  2191 | D:3      | Reached ** piety under Demigod
  2613 | D:4      | Reached skill level 3 in Axes
  2649 | D:4      | Noticed a hippogriff
  3351 | D:4      | Reached skill level 4 in Axes
  3429 | D:4      | Noticed an ogre
  3451 | D:4      | Killed an ogre
  3451 | D:4      | Reached skill level 5 in Axes
  3451 | D:4      | Reached XP level 6. HP: 22/51 MP: 8/8
  3453 | D:4      | Gained mutation: You have a pair of small horns on your
                  | head. [potion of mutation]
  3453 | D:4      | Gained mutation: You evolve. [potion of mutation]
  3453 | D:4      | Gained mutation: You are clumsy. (Dex -2) [potion of
                  | mutation]
  3453 | D:4      | Gained mutation: You rapidly evolve. [potion of mutation]
  3457 | D:4      | Killed a hippogriff
  3457 | D:4      | Reached skill level 6 in Axes
  3664 | D:4      | Noticed a sky beast
  3705 | D:4      | Reached XP level 7. HP: 57/57 MP: 9/9
  4091 | D:4      | Reached skill level 1 in Armour
  4239 | D:5      | Entered Level 5 of the Dungeon
  4248 | D:5      | Noticed Ijyb
  4253 | D:5      | Killed Ijyb
  4372 | D:5      | Lost mutation: You are clumsy. (Dex -2) [evolution]
  4659 | D:5      | Reached skill level 7 in Axes
  4685 | D:5      | Reached skill level 1 in Invocations
  4788 | D:5      | Noticed Menkaure
  4796 | D:5      | Killed Menkaure
  4796 | D:5      | Reached XP level 8. HP: 66/66 MP: 10/12
  4831 | D:5      | Found a runed door.
  4835 | D:5      | Noticed Crazy Yiuf
  4837 | D:5      | Noticed Crazy Yiuf
  4837 | D:5      | Crazy Yiuf changed into Crazy Yiuf the ooze
  4839 | D:5      | Killed Crazy Yiuf the ooze
  4916 | D:5      | Reached skill level 1 in Spellcasting
  5225 | D:5      | Found a sparkling altar of Nemelex Xobeh.
  5244 | D:5      | Reached skill level 8 in Axes
  5608 | D:6      | Reached *** piety under Demigod
  5711 | D:6      | Noticed a troll
  5711 | D:6      | Noticed a hippogriff
  5825 | D:6      | Killed a troll
  5825 | D:6      | Reached skill level 9 in Axes
  5825 | D:6      | Reached XP level 9. HP: 53/72 MP: 14/14
  6237 | D:6      | Found a staircase to the Ecumenical Temple.
  6487 | D:7      | Reached skill level 5 in Fighting
  6658 | D:7      | Reached skill level 10 in Axes
  6712 | D:7      | Noticed a troll
  6719 | D:7      | Killed a troll
  7158 | D:7      | Lost mutation: You have a pair of small horns on your head.
                  | [evolution]
  7598 | D:7      | Reached skill level 5 in Invocations
  7789 | D:8      | Reached skill level 5 in Dodging
  7992 | D:8      | Noticed a tengu warrior
  7993 | D:8      | Noticed a tengu warrior
  8008 | D:8      | Killed a tengu warrior
  8008 | D:8      | Reached XP level 10. HP: 57/83 MP: 17/17
  8013 | D:8      | Killed a tengu warrior
  8157 | D:8      | Gained mutation: You have a pair of small antennae on your
                  | head. [evolution]
  8327 | D:8      | Killed an unseen horror
  8327 | D:8      | Reached skill level 11 in Axes
  8642 | D:8      | Noticed a manticore
  8649 | D:8      | Killed a manticore
  9050 | D:9      | Reached **** piety under Demigod
  9073 | D:9      | Reached XP level 11. HP: 65/91 MP: 19/19
  9225 | D:9      | Gained mutation: Your muscles are strong. (Str +2)
                  | [evolution]
  9307 | D:9      | Found a staircase to the Lair.
  9511 | D:9      | Found a sparkling altar of Nemelex Xobeh.
  9732 | D:10     | Entered Level 10 of the Dungeon
  9925 | D:10     | Noticed a five-headed hydra
 10161 | Lair:1   | Entered Level 1 of the Lair of Beasts
 10179 | Lair:1   | Reached skill level 5 in Armour
 10478 | Lair:1   | Reached skill level 12 in Axes
 11207 | Lair:2   | Noticed an oklob plant
 11207 | Lair:2   | Noticed an oklob plant
 11559 | Lair:2   | Noticed a five-headed hydra
 11576 | Lair:2   | Killed a 13-headed hydra
 11576 | Lair:2   | Reached XP level 12. HP: 64/101 MP: 18/22
 11629 | Lair:2   | Gained mutation: Your flesh is heat resistant. (rF+)
                  | [evolution]
 12548 | Lair:2   | Found a staircase to the Swamp.
 12760 | Lair:3   | Found a gate leading to a gauntlet.
 12771 | Gauntlet | Entered a Gauntlet
 12771 | Gauntlet | Found a transporter.
 12771 | Gauntlet | Found a transporter.
 12789 | Gauntlet | Found a transporter.
 12789 | Gauntlet | Found a transporter.
 12804 | Gauntlet | Found a transporter.
 12825 | Gauntlet | Found a transporter.
 12841 | Gauntlet | Found a transporter.
 12842 | Gauntlet | Noticed a death yak
 12845 | Gauntlet | Noticed a death yak
 12846 | Gauntlet | Found a transporter.
 12846 | Gauntlet | Found a transporter.
 12846 | Gauntlet | Noticed a death yak
 12848 | Gauntlet | Noticed a death yak
 12852 | Gauntlet | Found a transporter.
 12894 | Gauntlet | Noticed a death ooze
 13023 | Gauntlet | Killed a death ooze
 13025 | Gauntlet | Reached ***** piety under Demigod
 13027 | Gauntlet | Reached skill level 13 in Axes
 13042 | Gauntlet | Got a flickering turquoise ring
 13044 | Gauntlet | Identified the ring "Mywif" {rElec MR+ EV+3 Str+5 Int-3}
                  | (You found it in a Gauntlet)
 13060 | Gauntlet | Killed a death yak
 13062 | Gauntlet | Killed a death yak
 13072 | Gauntlet | Killed a death yak
 13080 | Gauntlet | Killed a death yak
 13104 | Gauntlet | Got an ancient iron ring
 13106 | Gauntlet | Identified the ring of the Priest {Fire rElec Str+3 Int+3
                  | Slay-3} (You found it in a Gauntlet)
 13152 | Gauntlet | Identified the +5 hunting sling "Bohu Wairgh" {speed, rF+
                  | Int+4 SInv}
 13152 | Gauntlet | Noticed a minotaur
 13177 | Gauntlet | Killed a minotaur
 13201 | Gauntlet | Identified Rexodiut's Almanac of Confrontation and Curses
 13202 | Gauntlet | Got a bloodstained hand crossbow
 13205 | Gauntlet | Identified the cursed +1 hand crossbow "Firisk" {penet,
                  | rElec Int+6} (You found it in a Gauntlet)
 13583 | Lair:3   | Found a staircase to the Snake Pit.
 13958 | Lair:4   | Lost mutation: Your flesh is heat resistant. (rF+)
                  | [evolution]
 13962 | Lair:4   | Noticed a death yak
 13963 | Lair:4   | Noticed a death yak
 13964 | Lair:4   | Noticed a death yak
 13965 | Lair:4   | Noticed a death yak
 13969 | Lair:4   | Killed a death yak
 13990 | Lair:3   | Killed a death yak
 13990 | Lair:3   | Reached XP level 13. HP: 74/111 MP: 21/24
 14102 | Lair:4   | Reached skill level 10 in Invocations
 14547 | Lair:4   | Found the +8 whip "Snakebite" {curare, rPois}
 14867 | Lair:5   | Reached skill level 1 in Maces & Flails
 14898 | Lair:5   | Reached skill level 10 in Fighting
 15144 | Lair:5   | Found a runed translucent gate.
 15144 | Lair:5   | Found a runed translucent gate.
 15144 | Lair:5   | Found a viscous altar of Jiyva.
 15144 | Lair:5   | Found a runed translucent gate.
 15144 | Lair:5   | Noticed a death ooze
 15144 | Lair:5   | Noticed Ogre's ghost (journeyman FrVM)
 15163 | Lair:5   | Reached skill level 14 in Axes
 15269 | Lair:5   | Found an ancient bone altar of Kikubaaqudgha.
 15956 | Lair:6   | Entered Level 6 of the Lair of Beasts
 16073 | Lair:5   | Reached XP level 14. HP: 95/122 MP: 26/26
 16199 | Lair:6   | Reached ****** piety under Demigod
 16290 | Lair:6   | Noticed Rupert
 16308 | Lair:6   | Killed Rupert
 16729 | Lair:6   | Found a staircase to the Slime Pits.
 16730 | Lair:6   | Found a viscous altar of Jiyva.
 16904 | Lair:6   | Reached skill level 15 in Axes
 17167 | Lair:6   | Lost mutation: Your muscles are strong. (Str +2)
                  | [evolution]
 17167 | Lair:6   | Lost mutation: You rapidly evolve. [decline of evolution]
 17638 | D:11     | Noticed Harold
 17663 | D:11     | Killed Harold
 17704 | D:11     | Found a staircase to the Orcish Mines.
 17819 | D:11     | Found a hide-covered altar of Uskayaw.
 17997 | D:11     | Found Waitu's General Store.
 18268 | D:12     | Entered Level 12 of the Dungeon
 18289 | D:12     | Found a roughly hewn altar of Beogh.
 18469 | D:12     | Noticed Roxanne
 18508 | D:12     | Killed Roxanne
 18559 | D:12     | Reached skill level 1 in Shields
 18559 | D:12     | Reached XP level 15. HP: 53/132 MP: 28/28
 18708 | D:12     | Found a gate to the Vaults.
 19535 | D:12     | Reached skill level 10 in Dodging
 19818 | D:12     | Found a staircase to the Depths.
 19818 | D:12     | Noticed a frost giant
 19828 | D:12     | Killed a frost giant
 20131 | D:10     | Noticed Psyche
 20134 | D:10     | Killed Psyche
 20496 | D:10     | Gained mutation: Your muscles are strong. (Str +2)
                  | [evolution]
 20918 | D:7      | Identified the +4 ring mail of Unaofri {rPois} (You found
                  | it on level 7 of the Dungeon)
 21091 | Orc      | Entered the Orcish Mines
 21094 | Orc      | Found Plog's Antique Weapon Boutique.
 21151 | Orc      | Found Mykken's Gadget Shop.
 21151 | Orc      | Found Ylenej's Magic Scroll Boutique.
 21151 | Orc      | Found Nuvil's General Store.
 21194 | Orc      | Found Lusotz's General Store.
 21393 | Orc      | Noticed Snorg
 21408 | Orc      | Killed Snorg
 21476 | Orc      | Found a staircase to the Elven Halls.
 22063 | Snake:1  | Entered Level 1 of the Snake Pit
 22183 | Snake:1  | Noticed a nagaraja
 22204 | Snake:1  | Killed a nagaraja
 22689 | Snake:1  | Reached XP level 16. HP: 89/141 MP: 30/30
 22829 | Snake:1  | Reached skill level 10 in Armour
 23002 | Snake:1  | Found a runed translucent door.
 23002 | Snake:1  | Noticed Tutankhamun's ghost (journeyman MiAc)
 23095 | Snake:1  | Killed Tutankhamun's ghost
 23565 | Snake:2  | Reached skill level 16 in Axes
 25332 | Swamp:1  | Entered Level 1 of the Swamp
 25367 | Swamp:1  | Noticed a thorn hunter
 25388 | Swamp:1  | Killed a thorn hunter
 25472 | Swamp:1  | Noticed a thorn hunter
 25482 | Swamp:1  | Killed a thorn hunter
 25483 | Swamp:1  | Found a frozen archway.
 25572 | IceCv    | Entered an ice cave
 26703 | IceCv    | Noticed an Ice Fiend
 27969 | IceCv    | Slain by an Ice Fiend

Skill      XL: |  1  2  3  4  5  6  7  8  9 10 11 12 13 14 15 16 |
---------------+-------------------------------------------------+-----
Fighting       | 1 2 3 4 5 6 8 9 10 11 12 13 | 13.1
Dodging        | 3 4 5 6 7 8 9 10 | 10.9
Axes           | 1 2 5 6 7 9 10 11 12 13 14 15 16 | 16.3
Armour         | 1 2 3 4 5 7 8 9 10 | 10.2
Invocations    | 1 3 5 6 8 9 11 12 13 | 13.9
Spellcasting   | 1 3 4 |  4.6
Maces & Flails | 1 |  1.1
Shields        | 1 3 4 |  4.8
Short Blades   | |  0.8
Throwing       | |  0.1
Stealth        | |  3.0
Evocations     | |  0.8

Action                   |  1- 3 |  4- 6 |  7- 9 | 10-12 | 13-15 | 16-18 || total
-------------------------+-------+-------+-------+-------+-------+-------++-------
Melee: Dagger            |   101 |       |       |       |       |       ||   101
       Whip              |     7 |       |       |       |    18 |       ||    25
       Hand axe          |     7 |   181 |       |       |       |       ||   188
       Headbutt          |       |     4 |    38 |       |       |       ||    42
       Broad axe         |       |       |   241 |   445 |  1155 |   434 ||  2275
       Punch             |       |       |       |     1 |     2 |       ||     3
Throw: Javelin           |       |       |       |       |       |    23 ||    23
Invok: Heroism           |       |       |       |     6 |     4 |     4 ||    14
       Major Destruction |       |       |       |     3 |     5 |     2 ||    10
       Divine Shield     |       |       |       |     1 |     1 |       ||     2
       Smiting           |       |       |       |       |     6 |     1 ||     7
 Abil: Evoke Flight      |       |       |       |       |     2 |       ||     2
Evoke: Wand              |       |       |     6 |     6 |     6 |       ||    18
       Lamp of fire      |       |       |       |       |     1 |     1 ||     2
  Use: Scroll            |     4 |     3 |     3 |     7 |    15 |     5 ||    37
       Potion            |       |     6 |     1 |       |     3 |     7 ||    17
 Stab: Sleeping          |     6 |     4 |       |       |       |       ||    10
       Invisible         |       |     3 |       |       |       |       ||     3
  Eat: Ration            |     2 |       |       |       |     1 |     4 ||     7
       Chunk             |     1 |     6 |    13 |    19 |    26 |     3 ||    68
Armor: Robe              |    27 |    22 |       |       |       |       ||    49
       Scale mail        |       |    32 |    20 |       |       |       ||    52
       Chain mail        |       |       |    55 |       |       |       ||    55
       Skin              |       |       |    14 |     6 |       |       ||    20
       Plate armour      |       |       |     7 |   213 |   608 |   152 ||   980
Dodge: Dodged            |    73 |   138 |   118 |   258 |   682 |   121 ||  1390
Block: Other             |       |       |       |     5 |       |       ||     5
       Large shield      |       |       |       |       |   423 |   272 ||   695
       Shield            |       |       |       |       |     6 |       ||     6
